 Dungeon Crawl Stone Soup version 0.18.1-50-g88ac8fd (webtiles) character file.

170 Franakus the Conjurer (level 5, 0/28 HPs)
             Began as a Deep Elf Conjurer on Oct 26, 2016.
             Was an Initiate of Vehumet.
             Killed by divine providence
             ... invoked by an orc priest
              (10 damage)
             ... on level 4 of the Dungeon.
             The game lasted 00:20:20 (1384 turns).

Franakus the Conjurer (Deep Elf Conjurer)           Turns: 1384, Time: 00:20:21

Health: 0/28       AC:  2    Str:  5    XL:     5   Next: 26%
Magic:  5/13       EV: 13    Int: 24    God:    Vehumet [......]
Gold:   152        SH:  0    Dex: 15    Spells: 4 memorised, 2 levels left

rFire  . . .     SeeInvis .     h - +1 dagger (elec)
rCold  . . .     Gourm    .     a - +0 robe
rNeg   . . .     Faith    .     (no shield)
rPois  .         Spirit   .     (no helmet)
rElec  .         Dismiss  +     (no cloak)
rCorr  .         Reflect  .     (no gloves)
SustAt .         Harm     .     (no boots)
MR     .....     Rnd*Tele +     l - amulet of dismissal
Stlth  ++........               f - ring of teleportation (curse)
                                e - +3 ring of intelligence

@: not resistant to hostile enchantments, unstealthy
A: no striking features
a: Renounce Religion


You were on level 4 of the Dungeon.
You worshipped Vehumet.
Vehumet was noncommittal.
You were very hungry.

You visited 2 branches of the dungeon, and saw 5 of its levels.

You collected 152 gold pieces.

Inventory:

Hand Weapons
 h - a +1 dagger of electrocution (weapon)
Armour
 a - a +0 robe (worn)
Magical Staves
 t - an uncursed staff of fire
Jewellery
 e - a +3 ring of intelligence (left hand)
 f - a cursed ring of teleportation (right hand)
 l - an amulet of dismissal (around neck)
 p - an uncursed ring of wizardry {unknown}
Scrolls
 k - a scroll of identify
 m - a scroll of teleportation
 r - a scroll of remove curse {unknown}
 s - a scroll of enchant armour {unknown}
 u - a scroll of fear {unknown}
Potions
 d - 2 potions of heal wounds
 g - 2 potions of curing {unknown}
 i - a potion of brilliance {unknown}
 j - a potion of agility {unknown}
Books
 b - a book of Conjurations

   Spells                             Type                      Level
   a - Magic Dart                     Conjuration                  1
   b - Searing Ray                    Conjuration                  2
   c - Dazzling Spray                 Conjuration/Hexes            3
   d - Fulminant Prism                Conjuration/Hexes            4
   e - Iskenderun's Mystic Blast      Conjuration                  4
   f - Iskenderun's Battlesphere      Conjuration/Charms           5
Comestibles
 c - 2 bread rations
 n - 2 meat rations
 o - a royal jelly
 q - 5 fruits


   Skills:
 + Level 0.1 Fighting
 - Level 0.4 Short Blades
 + Level 3.4 Dodging
 + Level 3.3 Stealth
 + Level 4.3 Spellcasting
 + Level 5.9 Conjurations


You had 2 spell levels left.
You knew the following spells:

 Your Spells              Type           Power        Failure   Level  Hunger
a - Magic Dart            Conj           ####         1%          1    None
b - Searing Ray           Conj           ####..       1%          2    None
c - Dazzling Spray        Conj/Hex       ###...       10%         3    ##.....
d - Iskenderun's Mystic   Conj           ####....     10%         4    ####...


Dungeon Overview and Level Annotations

Branches:
Dungeon (4/15)             Temple (1/1) D:4

Altars:
Ashenzari
Cheibriados
Dithmenos
Elyvilon
Fedhas
Kikubaaqudgha
Okawaru
Pakellas
Qazlal
Trog
Vehumet
Xom
Yredelemnul


Message History

Aim: an orc wizard, wielding a dagger and wearing a robe (severely wounded, fast)
The orb of energy hits the orc wizard.
You kill the orc wizard!
Vehumet accepts your kill.
You are feeling very hungry.
There is a stone staircase leading down here.
The orc shouts!
An orc priest comes into view. It is wielding a flail.
You see here a bone ring.
p - a bone ring The orc shouts!
The orc barely misses you.
The orc priest shouts!
The orc hits you with a dagger. The orc misses you.
The orc priest invokes the aid of Beogh against you.
Beogh smites you!
The orc priest mumbles some strange prayers to Beogh against you.
Beogh smites you!
You die...

.......+..........###.......... #
.......#...............>....... #
.......#.........................
#####................).#.........
#####..................#.........
................>......#........
...........†...........#.......
.......................# #####
................@......# ###
........######..oo.....#####...
........# #.................
........######...o.............
........##...#......##.........
........##...#.................
.............#...............##
####........##....o............
####........#......<......##...


You could see an orc priest and 3 orcs.

Vanquished Creatures
  2 orc wizards
  5 adders (D:2)
  An ooze (D:3)
  A dart slug (D:3)
  2 giant geckos
  5 orcs
  2 bats
  2 giant cockroaches
  4 goblins
  8 hobgoblins
  2 jackals (D:3)
  3 kobolds
  3 quokkas
  2 ball pythons (D:2)
  5 giant newts
  9 rats
56 creatures vanquished.

Notes
Turn   | Place    | Note
--------------------------------------------------------------
     0 | D:1      | Franakus the Deep Elf Conjurer began the quest for the Orb.
     0 | D:1      | Reached XP level 1. HP: 10/10 MP: 6/6
   170 | D:1      | Reached XP level 2. HP: 15/15 MP: 5/8
   174 | D:1      | Learned a level 2 spell: Searing Ray
   323 | D:2      | Reached skill level 5 in Conjurations
   424 | D:2      | Reached XP level 3. HP: 19/19 MP: 2/9
   576 | D:2      | Found a basalt altar of Yredelemnul.
   577 | D:2      | Found a stormy altar of Qazlal.
   580 | D:2      | Found an oddly glowing altar of Pakellas.
   657 | D:2      | Reached XP level 4. HP: 21/24 MP: 3/11
   662 | D:2      | Learned a level 3 spell: Dazzling Spray
   667 | D:2      | Learned a level 4 spell: Iskenderun's Mystic Blast
   708 | D:2      | Noticed a moth of wrath
   710 | D:2      | Found a bloodstained altar of Trog.
  1167 | D:4      | Reached XP level 5. HP: 28/28 MP: 6/13
  1285 | D:4      | Noticed a phantom
  1288 | D:4      | Found a staircase to the Ecumenical Temple.
  1298 | Temple   | Entered the Ecumenical Temple
  1308 | Temple   | Became a worshipper of Vehumet
  1384 | D:4      | Killed from afar by an orc priest

Skill      XL: |  1  2  3  4 |
---------------+-------------+-----
Conjurations   | 5 |  5.9
Stealth        | 3 |  3.3
Dodging        | 3 |  3.4
Spellcasting   | 4 |  4.3
Fighting       | |  0.1
Short Blades   | |  0.4

Action                   |  1- 3 |  4- 6 || total
-------------------------+-------+-------++-------
Melee: Dagger            |    21 |    27 ||    48
 Cast: Magic Dart        |    24 |    20 ||    44
       Searing Ray       |     5 |     6 ||    11
       Iskenderun's Myst |       |     3 ||     3
  Use: Scroll            |     3 |       ||     3
 Stab: Sleeping          |     1 |       ||     1
  Eat: Chunk             |       |     1 ||     1
Armor: Robe              |     4 |     3 ||     7
Dodge: Dodged            |    12 |    25 ||    37
